AoeStats
← Carple

MegaRandom

504561282Analyzed
4v4 RM · 28d ago on Sep 5, 2026· 67m 19s· 8 players
Game mode
Random Map
Map size
Large (8 player)
Population
200
Speed
Normal
Resources
Standard
Victory
Conquest
Starting age
Dark Age
Ending age
Imperial Age
RankedLock teamsTeams togetherTeam positionsShared explorationLock speedFull tech treeHidden civsTurbo modeCheats
Victory
Defeat
🇪🇸 Aztecs · Spain
1000
+40
🇫🇷 Franks · France
991
+14
🇫🇷 Khmer · France
979
+14
🇹🇷 Persians · Türkiye
954
+15
🇨🇦 Spanish · Canada
1005
-17
🇫🇷 Portuguese · France
923
-13
🇩🇪 Saracens · Germany
915
-13
🇩🇪 Hindustanis · Germany
914
-13
razors-38i
11:15 Feudal Age
14:51 Castle Age
14:10 Double-Bit Axe
19:32 Loom
23:50 Pikeman
26:48 Wheelbarrow
30:43 Imperial Age
28:46 Scale Barding Armor
28:52 Forging
28:43 Scale Mail Armor
28:46 Gold Mining
28:47 Stone Mining
29:30 Husbandry
30:17 Hand Cart
30:45 Chain Barding Armor
30:48 Cavalier
31:54 Conscription
31:35 Chivalry
33:09 Gold Shaft Mining
32:22 Paladin
35:10 Iron Casting
35:11 Plate Barding Armor
34:49 Squires
34:35 Arson
34:35 Gambesons
38:16 Blast Furnace
40:05 Chain Mail Armor
40:46 Elite Throwing Axeman
42:32 Halberdier
46:06 Bow Saw
46:55 Fletching
47:05 Padded Archer Armor
49:32 Ballistics
50:14 Chemistry
48:42 Elite Skirmisher
49:20 Bodkin Arrow
49:40 Leather Archer Armor
50:00 Plate Mail Armor
PEPY
17:13 Feudal Age
17:57 Horse Collar
30:26 Man-at-Arms
36:50 Castle Age
36:25 Forging
36:17 Scale Mail Armor
36:10 Fletching
36:20 Padded Archer Armor
38:25 Arson
40:18 Wheelbarrow
39:30 Town Watch
42:46 Double-Bit Axe
42:55 Stone Mining
42:55 Gold Mining
43:47 Hand Cart
43:33 Town Patrol
43:39 Pikeman
43:40 Long Swordsman
44:06 Gambesons
44:21 Squires
43:45 Elite Skirmisher
43:45 Crossbowman
45:31 Eagle Warrior
48:40 Atlatl
51:15 Imperial Age
53:44 Heavy Plow
54:12 Onager
54:13 Capped Ram
56:43 Arbalester
62:23 Crop Rotation
62:19 Garland Wars
61:31 Sappers
63:11 Loom
Elizabeth^^
9:39 Feudal Age
17:41 Castle Age
19:19 Loom
20:10 Wheelbarrow
19:20 Town Watch
27:55 Town Patrol
29:46 Caravan
31:29 Kamandaran
31:26 Double-Bit Axe
31:23 Horse Collar
32:28 Thumb Ring
32:14 Fletching
32:24 Padded Archer Armor
32:37 Crossbowman
34:15 Bodkin Arrow
34:35 Leather Archer Armor
34:39 Bow Saw
34:50 Heavy Plow
36:26 Hand Cart
36:36 Ballistics
36:12 Murder Holes
36:27 Masonry
37:23 Masonry
40:14 Forging
40:04 Scale Mail Armor
40:09 Scale Barding Armor
43:36 Imperial Age
42:11 Coinage
43:15 Iron Casting
42:55 Chain Mail Armor
43:00 Chain Barding Armor
44:28 Ring Archer Armor
44:36 Banking
44:16 Guilds
45:11 Blast Furnace
44:43 Architecture
45:21 Two-Man Saw
44:53 Crop Rotation
45:43 Chemistry
47:58 Plate Mail Armor
48:03 Plate Barding Armor
48:54 Gold Mining
48:54 Stone Mining
50:03 Conscription
49:56 Citadels
49:06 Elite War Elephant
58:58 Gold Shaft Mining
58:58 Stone Shaft Mining
58:38 Squires
58:23 Gambesons
57:58 Pikeman
59:46 Guard Tower
64:39 Husbandry
64:49 Bloodlines
64:00 Heavy Camel Rider
Bol renversé Especial
11:46 Feudal Age
15:53 Castle Age
15:20 Loom
21:34 Double-Bit Axe
23:05 Horse Collar
23:55 Gold Mining
23:56 Stone Mining
26:44 Wheelbarrow
27:06 Bow Saw
26:59 Heavy Plow
28:18 Stone Shaft Mining
28:18 Gold Shaft Mining
29:47 Hand Cart
29:55 Hand Cart
32:03 Caravan
35:30 Imperial Age
34:49 Town Watch
36:23 Fortified Wall
36:25 Masonry
36:37 Ballistics
37:03 Crop Rotation
37:11 Double Crossbow
38:52 Chemistry
38:03 Scale Barding Armor
38:02 Padded Archer Armor
37:52 Fletching
38:13 Forging
39:12 Conscription
39:20 Chain Barding Armor
39:23 Elite Ballista Elephant
41:40 Architecture
41:42 Bloodlines
41:34 Husbandry
42:11 Iron Casting
42:12 Plate Barding Armor
41:57 Siege Engineers
42:28 Bodkin Arrow
43:34 Town Patrol
44:44 Elite Battle Elephant
44:47 Light Cavalry
46:31 Blast Furnace
45:32 Scale Mail Armor
45:32 Bracer
46:53 Murder Holes
47:56 Tusk Swords
48:33 Hoardings
47:22 Hussar
47:23 Cavalier
48:22 Chain Mail Armor
61:56 Pikeman
61:56 Man-at-Arms
62:25 Arson
Tha_JB
5:16 Loom
13:08 Feudal Age
14:59 Wheelbarrow
14:10 Town Watch
14:15 Double-Bit Axe
15:34 Horse Collar
19:07 Gold Mining
23:46 Castle Age
22:37 Stone Mining
25:07 Bow Saw
25:41 Pikeman
26:21 Squires
26:25 Fletching
27:01 Forging
26:52 Scale Mail Armor
27:44 Bodkin Arrow
27:53 Scale Mail Armor
29:06 Heavy Plow
30:17 Iron Casting
29:59 Chain Mail Armor
30:35 Gold Shaft Mining
30:59 Ballistics
30:51 Fortified Wall
31:04 Crossbowman
34:39 Hand Cart
34:50 Murder Holes
36:59 Town Patrol
38:26 Thumb Ring
40:59 Imperial Age
38:55 Elite Skirmisher
40:37 Caravan
42:04 Conscription
42:37 Bracer
43:26 Hoardings
45:08 Two-Man Saw
43:53 Onager
47:01 Arbalester
48:16 Plate Mail Armor
47:48 Padded Archer Armor
48:48 Elite Mameluke
49:06 Capped Ram
Point and Click
11:39 Feudal Age
12:27 Town Watch
19:00 Castle Age
20:01 Thumb Ring
21:35 Horse Collar
23:53 Double-Bit Axe
23:59 Crossbowman
26:08 Town Patrol
29:21 Imperial Age
29:26 Bow Saw
29:35 Fletching
30:00 Arbalester
30:49 Bodkin Arrow
33:11 Chemistry
33:00 Wheelbarrow
37:38 Bracer
42:12 Bombard Tower
41:43 Treadmill Crane
43:56 Pikeman
44:23 Gambesons
44:36 Halberdier
45:42 Man-at-Arms
46:46 Long Swordsman
47:21 Two-Handed Swordsman
48:11 Champion
49:41 Forging
50:11 Heated Shot
50:20 Murder Holes
53:57 Iron Casting
53:22 Scale Mail Armor
60:02 Caravan
Carple
6:54 Loom
11:09 Feudal Age
12:11 Double-Bit Axe
16:05 Castle Age
14:19 Horse Collar
16:28 Stone Mining
16:29 Gold Mining
21:47 Bow Saw
25:51 Pikeman
26:17 Gambesons
27:45 Squires
28:44 Caravan
29:04 Heavy Plow
29:13 Scale Mail Armor
30:22 Forging
32:16 Wheelbarrow
31:27 Town Watch
32:03 Arson
33:30 Hand Cart
37:05 Imperial Age
35:31 Husbandry
35:41 Bloodlines
34:52 Light Cavalry
35:25 Fletching
36:14 Iron Casting
36:24 Chain Mail Armor
36:16 Scale Barding Armor
36:01 Fletching
36:12 Padded Archer Armor
36:17 Fletching
36:28 Padded Archer Armor
36:52 Ballistics
36:43 Fortified Wall
37:00 Town Patrol
37:37 Stone Shaft Mining
37:12 Elite Conquistador
38:13 Conscription
38:31 Hoardings
39:07 Chemistry
38:42 Chain Barding Armor
38:40 Leather Archer Armor
39:26 Blast Furnace
38:57 Plate Mail Armor
37:59 Halberdier
46:17 Cavalier
46:17 Hussar
52:20 Two-Man Saw
51:29 Elite Skirmisher
53:09 Paladin
54:52 Plate Barding Armor
54:48 Ring Archer Armor
54:13 Bodkin Arrow
61:50 Bracer
64:49 Onager
Jimmy Levy (GEO)
1:45 Loom
12:31 Feudal Age
16:09 Castle Age
15:01 Double-Bit Axe
17:41 Bow Saw
21:23 Horse Collar
22:13 Town Watch
23:54 Heavy Plow
26:09 Wheelbarrow
25:40 Caravan
37:00 Hand Cart
50:16 Grand Trunk Road
52:53 Imperial Age
60:59 Onager
62:01 Pikeman
62:43 Squires
62:28 Arson
62:45 Padded Archer Armor
63:50 Onager
65:06 Gold Mining
65:07 Stone Mining
65:52 Scale Mail Armor
66:03 Forging
Connection lost

Rejoining the realm…

Still unreachable

The connection could not be restored.

Session expired

The server has moved on; the page needs a fresh start.